 Dungeon Crawl Stone Soup version 0.14-a0-2730-g72a2965 (webtiles) character file.

5777 Laan the Basher (level 10, -10/55 HPs)
             Began as a Vine Stalker Fighter on Feb 20, 2014.
             Was a Follower of the Shining One.
             Killed from afar by Nergalle (27 damage)
             ... with a bolt of negative energy
             ... on Level 10 of the Dungeon.
             The game lasted 00:22:39 (6247 turns).

Laan the Basher (Vine Stalker Fighter)              Turns: 6247, Time: 00:22:40

HP -10/55        AC  8     Str 22      XL: 10   Next: 66%
MP   0/22        EV  5     Int  8      God: the Shining One [*.....]
Gold 385         SH 21     Dex 15      Spells:  0 memorised,  9 levels left

rFire  . . .     SeeInvis .     J - +0,+2 orc morningstar
rCold  . . .     Clarity  .     i - +0 chain mail
rNeg   . . .     Conserve .     c - +0 shield
rPois  .         rCorr    .     (no helmet)
rElec  .         rRot     +     (no cloak)
SustAb . .       Spirit   +     (no gloves)
rMut   .         Warding  .     (no boots)
Saprov . . .     Stasis   .     (no amulet)
MR     +....                    F - cursed +1 ring of dexterity
                                D - ring of magical power

@: mildly poisoned, glowing, heavily drained, somewhat resistant to hostile
enchantments, extremely unstealthy
A: fangs 3, regeneration 2, magic shield, antimagic bite, no device heal
a: Renounce Religion


You were on level 10 of the Dungeon.
You worshipped the Shining One.
The Shining One was aware of your devotion.
You were hungry.

You visited 2 branches of the dungeon, and saw 11 of its levels.

You collected 385 gold pieces.

Inventory:

Hand weapons
 s - a -1,-1 orcish flail
 t - a +5,+1 scythe of venom
 J - a +0,+2 orcish morningstar (weapon)
Armour
 c - a +0 shield (worn)
 i - a +0 chain mail (worn)
Magical devices
 q - a wand of enslavement (7)
 I - a wand of flame (0)
 L - a wand of slowing (9) {unknown}
 N - a wand of flame (15)
Comestibles
 a - 2 meat rations
 d - 10 bread rations
 Q - a royal jelly
Scrolls
 e - 4 scrolls of magic mapping {unknown}
 f - 7 scrolls of remove curse {unknown}
 g - 3 scrolls of enchant weapon I {unknown}
 h - 7 scrolls of identify {unknown}
 j - 4 scrolls of blinking {unknown}
 k - a scroll of fog {unknown}
 l - 2 scrolls of recharging {unknown}
 m - a scroll of curse armour {unknown}
 p - a scroll of random uselessness {unknown}
 v - 3 scrolls of teleportation {unknown}
 w - a scroll of enchant weapon II {unknown}
 A - 2 scrolls of curse jewellery {unknown}
 B - a scroll of amnesia {unknown}
 K - a scroll of curse weapon {unknown}
 O - a scroll of fear {unknown}
 R - 3 scrolls of enchant armour {unknown}
Jewellery
 C - an uncursed ring of sustain abilities {unknown}
 D - a ring of magical power (left hand)
 E - an uncursed ring of magical power
 F - a cursed +1 ring of dexterity (right hand)
Potions
 b - 10 potions of curing
 n - a potion of might {unknown}
 o - a potion of degeneration {unknown}
 r - a potion of resistance {unknown}
 u - a potion of lignification {unknown}
 x - a potion of berserk rage {unknown}
 G - a potion of poison {unknown}
 H - a potion of brilliance {unknown}
 P - a potion of invisibility {unknown}
 S - a potion of flight {unknown}
 T - a potion of mutation {unknown}
Books
 y - a book of Spatial Translocations

   Spells                             Type                      Level
   Apportation                        Translocation                1
   Blink                              Translocation                2
   Shroud of Golubria                 Charms/Translocation         2
   Portal Projectile                  Translocation                3
   Teleport Other                     Translocation                3
   Passage of Golubria                Translocation                4
 M - a book of Burglary

   Spells                             Type                      Level
   Apportation                        Translocation                1
   Swiftness                          Charms/Air                   2
   Passwall                           Transmutation/Earth          3
   Passage of Golubria                Translocation                4
   Lee's Rapid Deconstruction         Earth                        5
   Darkness                           Hexes                        7
Rods
 z - a +1 rod of venom (9/9)
   (You took it off an orc on level 4 of the Dungeon)


   Skills:
 + Level 7.6(5.6) Fighting
 * Level 10.2(8.1) Maces & Flails
 + Level 2.9(1.2) Armour
 + Level 7.5(5.5) Shields


You had 9 spell levels left.
You didn't know any spells.

Dungeon Overview and Level Annotations

Branches:
Dungeon (10/16)            Temple (1/1) D:5            Lair (0/8) D:9
    Orc: D:9-12

Altars:
Ashenzari
Cheibriados
Dithmenos
Elyvilon
Fedhas
Kikubaaqudgha
Makhleb
Nemelex Xobeh
Okawaru
Sif Muna
Trog
Vehumet
Xom
Yredelemnul
Zin
The Shining One

Annotations:
D:7 exclusion: ice statue
D:10 Nergalle


Innate Abilities, Weirdness & Mutations

You have razor-sharp teeth.
You heal very quickly.
When hurt, damage is shared between your health and your magic reserves.
Your bite disrupts and absorbs the magic of your enemies.
Potions and wands cannot restore your HP.


Message History

The spectral orc warrior hits you but does no damage.
The spectral orc warrior hits you with a runed orcish hand axe.
You are poisoned.
You thump Nergalle! Your bite misses Nergalle.
Nergalle is almost dead.
The spectral orc hits you but does no damage.
You block the spectral orc warrior's attack.
Nergalle points at you and mumbles some strange words.
The bolt of negative energy hits you!
You feel drained.
The spectral orc warrior hits you with an orcish flail.
* * * LOW HITPOINT WARNING * * *
You block the spectral orc warrior's attack.
You block the spectral orc's attack.
You hit Nergalle.
Nergalle is almost dead.
You block the spectral orc warrior's attack.
Nergalle grimaces horribly.
Nergalle gestures at you while chanting.
The bolt of negative energy hits you!
You feel drained.
You die...

. .. #. #. ##. ..
#W #.#####o#####
#.....WW@WW.#
#######W###.# #.
#.# #. #.# ####
#. #.# ..# #. #.#
#.# #. #.#
####<#######. #.#
.###..........#.#
#.#


You could see Nergalle, 3 spectral orcs and 3 spectral orc warriors.

Vanquished Creatures
  Erolcha (D:8)
  A hill giant (D:10)
  A cyclops (D:8)
  Grinder (D:4)
  A spriggan (D:7)
  2 komodo dragons (D:9)
  Eustachio (D:8)
  A steam dragon (D:9)
  A necrophage (D:8)
  2 ice beasts
  An orc warrior (D:6)
  A sky beast (D:5)
  A black bear (D:6)
  5 ogres
  The ghost of primenumbers the Grasshopper, an average DsWr (D:5)
  2 centaurs
  A giant frog (D:6)
  Sigmund (D:3)
  2 crocodiles (D:9)
  A big kobold (D:9)
  4 wights (D:8)
  The ghost of goldenogre the Twirler, a weakling HOWn (D:4)
  A crimson imp (D:7)
  A giant frog zombie (D:6)
  6 hounds
  2 orc priests
  2 jellies
  A scorpion (D:8)
  3 iguanas (D:9)
  6 orc wizards
  8 worker ants
  Natasha (D:3)
  Ijyb (D:7)
  A hound zombie (D:5)
  2 hound skeletons
  A mummy (D:8)
  14 adders
  10 gnolls
  2 green rats (D:8)
  A giant mite (D:2)
  An inept feature mimic (D:8)
  4 worms
  A grey rat (D:8)
  An orc zombie (D:5)
  4 giant eyeballs
  4 giant geckos
  22 orcs
  A ball python (D:1)
  8 bats
  A bat skeleton (D:6)
  13 hobgoblins
  9 jackals
  4 quokkas
  4 giant cockroaches
  A giant newt (D:2)
  5 goblins
  17 kobolds
  A kobold zombie (D:7)
  2 orc skeletons
  15 rats
214 creatures vanquished.

Notes
Turn   | Place    | Note
--------------------------------------------------------------
     0 | D:1      | Laan, the Vine Stalker Fighter, began the quest for the Orb.
     0 | D:1      | Reached XP level 1. HP: 11/11 MP: 1/1
    71 | D:1      | Reached XP level 2. HP: 16/16 MP: 3/3
   489 | D:2      | Reached XP level 3. HP: 15/19 MP: 4/4
   493 | D:2      | Reached skill level 3 in Fighting
   796 | D:2      | Reached XP level 4. HP: 22/24 MP: 5/5
   921 | D:3      | Noticed Sigmund
  1214 | D:3      | Reached XP level 5. HP: 25/28 MP: 7/7
  1280 | D:3      | Killed Sigmund
  1430 | D:3      | Gained mutation: You heal very quickly. [vine stalker growth]
  1430 | D:3      | Reached XP level 6. HP: 30/33 MP: 8/8
  1472 | D:3      | Noticed Natasha
  1482 | D:3      | Killed Natasha
  1501 | D:3      | Reached skill level 4 in Maces & Flails
  1688 | D:4      | Noticed goldenogre's ghost (weakling HOWn)
  1694 | D:4      | Killed goldenogre's ghost
  1720 | D:4      | Noticed Grinder
  1746 | D:4      | Killed Grinder
  1746 | D:4      | Reached skill level 5 in Maces & Flails
  1746 | D:4      | Reached XP level 7. HP: 30/38 MP: 9/9
  2349 | D:5      | Entered Level 5 of the Dungeon
  2386 | D:5      | Paralysed by a giant eyeball for 4 turns
  2392 | D:5      | Paralysed by a giant eyeball for 2 turns
  2524 | D:5      | Paralysed by a giant eyeball for 3 turns
  2545 | D:5      | Paralysed by a giant eyeball for 4 turns
  2612 | D:5      | Gained mutation: You have razor-sharp teeth. [vine stalker growth]
  2612 | D:5      | Reached XP level 8. HP: 33/42 MP: 11/11
  2636 | D:5      | Reached skill level 6 in Maces & Flails
  2691 | D:5      | Reached skill level 5 in Fighting
  2691 | D:5      | Reached skill level 5 in Shields
  2805 | D:5      | Found a staircase to the Ecumenical Temple.
  2824 | Temple   | Entered the Ecumenical Temple
  2969 | Temple   | Became a worshipper of the Shining One
  3030 | D:5      | Noticed primenumbers' ghost (average DsWr)
  3046 | D:5      | Killed primenumbers' ghost
  3169 | D:6      | Reached skill level 7 in Maces & Flails
  3514 | D:6      | Reached XP level 9. HP: 45/48 MP: 12/12
  3876 | D:7      | Noticed an ice statue
  3940 | D:7      | Noticed Ijyb
  3946 | D:7      | Killed Ijyb
  4394 | D:7      | Found a deep blue altar of Sif Muna.
  4394 | D:7      | Found a burning altar of Makhleb.
  4399 | D:7      | Reached skill level 8 in Maces & Flails
  4535 | D:7      | Noticed a spriggan baker
  4546 | D:7      | Killed a spriggan baker
  4644 | D:8      | Noticed Erolcha
  4658 | D:8      | Killed Erolcha
  4739 | D:8      | Noticed a cyclops
  4771 | D:8      | Killed a cyclops
  4771 | D:8      | Reached skill level 9 in Maces & Flails
  4838 | D:8      | Reached XP level 10. HP: 53/53 MP: 13/13
  4874 | D:8      | Noticed Eustachio
  4933 | D:8      | Killed Eustachio
  5040 | D:8      | Acquired the Shining One's first power
  5041 | D:8      | Paralysed by a giant eyeball for 2 turns
  5118 | D:8      | Found an ancient bone altar of Kikubaaqudgha.
  5118 | D:8      | Found a basalt altar of Yredelemnul.
  5689 | D:9      | Reached skill level 10 in Maces & Flails
  5742 | D:9      | Found a staircase to the Lair.
  6122 | D:10     | Entered Level 10 of the Dungeon
  6131 | D:10     | Noticed a hill giant
  6136 | D:10     | Killed a hill giant
  6230 | D:10     | Noticed Nergalle
  6247 | D:10     | Killed from afar by Nergalle

Action                   |  1- 3 |  4- 6 |  7- 9 | 10-12 || total
-------------------------+-------+-------+-------+-------++-------
Melee: Mace              |    86 |    45 |       |       ||   131
       Flail             |       |    95 |   163 |     2 ||   260
       Morningstar       |       |       |   124 |   170 ||   294
Evoke: Wand              |       |       |     7 |       ||     7
  Use: Potion            |       |     1 |       |       ||     1
